 Dungeon Crawl Stone Soup version 0.31-a0-174-g85c54bcb58 (webtiles) character file.

Game seed: 2226140326604050093

77 qw the Chopper (level 4, 0/28 HPs)
             Began as a Gargoyle Fighter on June 15, 2023.
             Slain by a gnoll
             ... wielding a +2 spear of venom
              (2 damage)
             ... on level 2 of the Dungeon.
             The game lasted 00:00:45 (1295 turns).

qw the Chopper (Gargoyle Fighter)                   Turns: 1295, Time: 00:00:45

Health: 0/28       AC: 10    Str: 21    XL:     4   Next: 33%
Magic:  4/4        EV:  9    Int:  9    God:
Gold:   47         SH:  4    Dex:  9    Spells: 3/3 levels left

rFire   . . .        Y - +1 war axe
rCold   . . .        c - +0 buckler
rNeg    + . .        b - +0 scale mail
rPois   inf          (no helmet)
rElec   +            (no cloak)
rCorr   .            (no gloves)
SInv    .            (no boots)
Will    .....        (no amulet) Stlth
                     (no ring)
HPRegen 0.24/turn    (no ring)
MPRegen 0.09/turn

%: no passive effects
@: no status effects
A: sickness immunity, AC +3, negative energy resistance 1, electricity
resistance, torment resistance 1, petrification resistance
a: no special abilities


You were on level 2 of the Dungeon.
You visited 1 branch of the dungeon, and saw 2 of its levels.

You collected 47 gold pieces.


Innate Abilities, Weirdness & Mutations

You are immune to sickness and miasma.
Your stone body is resilient. (AC +3)
You are immune to poison.
You resist negative energy. (rN+)
You are resistant to electric shocks. (rElec)
You are resistant to unholy torment.
You are immune to petrification.


   Skills:
 - Level 3.2 Fighting
 + Level 4.0 Axes
 - Level 3.2 Armour
 - Level 3.2 Shields


You had 3 spell levels left.
You didn't know any spells.
Your spell library was empty.

Inventory:

Hand Weapons
 i - a +0 whip
 Y - a +1 war axe (weapon)
Armour
 b - a +0 scale mail (worn)
 c - a +0 buckler (worn)
Scrolls
 e - a scroll of revelation {unknown}
Potions
 a - 2 potions of haste {unknown}
 d - 2 potions of might
 g - 3 potions of curing
 h - a potion of experience {unknown}

Dungeon Overview and Level Annotations

Branches:
Dungeon (2/15)

Altars:


Message History

A gnoll comes into view. It is wielding a +0 flail.
A gnoll comes into view. It is wielding a +0 club.
A dart slug comes into view.
You slash the gnoll!
The gnoll is heavily wounded.
You closely miss the jackal.
The jackal bites you but does no damage.
The gnoll closely misses you. The jackal closely misses you.
A gnoll comes into view. It is wielding a +0 halberd.
The gnoll barely misses you.
You slash the gnoll!
You kill the gnoll!
You barely miss the jackal. You barely miss the gnoll. The jackal bites you.
The gnoll barely misses you.
The jackal bites you but does no damage.
You have reached level 4!
You feel clever.
You closely miss the gnoll. You closely miss the jackal.
The jackal bites you but does no damage.
The gnoll hits you with a +0 flail. The jackal completely misses you.
You slash the gnoll!
The gnoll is severely wounded.
You closely miss the jackal. You slash the jackal!
You kill the jackal!
The gnoll misses you. You block the gnoll's attack.
The jackal bites you but does no damage.
The gnoll hits you with a +0 flail.
A gnoll comes into view. It is wielding a +0 club.
The gnoll hits you but does no damage.
You slash the gnoll!
You kill the gnoll!
You barely miss the jackal. The jackal misses you.
You block the jackal's attack. The gnoll barely misses you.
The gnoll hits you from afar with a +0 halberd!
Your Axes skill increases to level 4!
You slash the jackal!
You kill the jackal!
The gnoll hits you but does no damage.
The gnoll hits you from afar with a +2 spear of venom.
You die...

###### #....# #....#
#....# . #....#
....##############....##
..g.gg)@................
######%.)#########....##
##gw.. ###### #...##
#...# #.... ### #.....
#.. #...#.. #.. .


You could see 4 gnolls and a dart slug.

Vanquished Creatures
  3 gnolls (D:2)
  A dart slug (D:2)
  3 ball pythons (D:1)
  4 endoplasms (D:1)
  2 giant cockroaches (D:1)
  3 goblins (D:1)
  5 hobgoblins
  10 jackals
  3 bats (D:1)
  A frilled lizard (D:1)
  5 kobolds
  3 rats (D:1)
43 creatures vanquished.

Notes
Turn   | Place    | Note
-------+----------+-------------------------------------------
     0 | D:1      | qw the Gargoyle Fighter began the quest for the Orb.
     0 | D:1      | Reached XP level 1. HP: 14/14 MP: 1/1
     0 | D:1      | 0 ||| qw: Version: 0.2-a-29-g511e9b1
     0 | D:1      | 0 ||| qw: Game counter: 5365
     0 | D:1      | 0 ||| qw: Always use a shield: true
     0 | D:1      | 0 ||| qw: God list: Okawaru
     0 | D:1      | 0 ||| qw: Allow faded altars: false
     0 | D:1      | 0 ||| qw: Do Orc after D:15 true
     0 | D:1      | 0 ||| qw: Do second Lair branch before Depths: true
     0 | D:1      | 0 ||| qw: Lair rune preference: random
     0 | D:1      | 0 ||| qw: Plans: Normal, Zot:1-4, Slime:5, God:TSO, Crypt,
                  | Tomb, Abyss, Pan, Hells, Win
     0 | D:1      | 0 ||| PLANNING D:1-11
    65 | D:1      | Reached skill level 2 in Axes
    91 | D:1      | Reached XP level 2. HP: 19/19 MP: 2/2
   127 | D:1      | 127 ||| Stepping ~*~*~tactically~*~*~ (stealth).
   131 | D:1      | 131 ||| Stepping ~*~*~tactically~*~*~ (stealth).
   132 | D:1      | 132 ||| Stepping ~*~*~tactically~*~*~ (stealth).
   318 | D:1      | Reached skill level 3 in Axes
   451 | D:1      | Reached XP level 3. HP: 23/23 MP: 3/3
   725 | D:1      | 725 ||| Stepping ~*~*~tactically~*~*~ (stealth).
   982 | D:1      | 982 ||| DROPPING ring of wizardry.
   983 | D:1      | 983 ||| READING scroll labelled QUIJUPR KENI.
   984 | D:1      | 984 ||| READING scroll labelled FYURAERUPS.
   985 | D:1      | 985 ||| READING scroll labelled XOMAJOCRY.
   986 | D:1      | 986 ||| DRINKING 2 black potions.
   987 | D:1      | 987 ||| DRINKING 4 puce potions.
   988 | D:1      | 988 ||| DRINKING 2 metallic purple potions.
  1093 | D:1      | 1093 ||| DROPPING potion of brilliance.
  1094 | D:1      | 1094 ||| DROPPING potion of berserk rage.
  1292 | D:2      | Reached XP level 4. HP: 16/28 MP: 4/4
  1294 | D:2      | HP: 2/28 [gnoll/+0 halberd (7)]
  1295 | D:2      | Reached skill level 4 in Axes
  1295 | D:2      | Slain by a gnoll

Levels and vault maps discovered:
D:1:      dpeg_arrival_arbitrary_c, layout_basic
D:2:      layout_basic

Skill      XL: |  1  2  3  4 |
---------------+-------------+-----
Axes           | 2 3 4 |  4.0
Fighting       | |  3.2
Armour         | |  3.2
Shields        | |  3.2

Action                     |  1- 3 |  4- 6 || total
---------------------------+-------+-------++-------
  Melee: War axe           |   127 |     4 ||   131
    Use: Scroll            |     3 |       ||     3
         Potion            |     3 |       ||     3
 Armour: Scale mail        |    83 |     4 ||    87
  Dodge: Dodged            |    67 |     4 ||    71
  Block: Buckler           |    27 |     2 ||    29

Table legend:
 A = Non-vault XP
 B = Vault XP
 C = Vault XP percentage of total XP
 D = Non-vault monster count
 E = Vault monster count
 F = Vault count percentage of total count
                 A         B        C        D         E       F
            +---------+---------+-------+---------+---------+-------
      Total |     112 |       0 |   0.0 |      43 |       0 |   0.0
            +---------+---------+-------+---------+---------+-------
        D:1 |      59 |       0 |   0.0 |      35 |       0 |   0.0
        D:2 |      53 |       0 |   0.0 |       8 |       0 |   0.0
            +---------+---------+-------+---------+---------+-------
